 Dungeon Crawl Stone Soup version 0.27.1-34-g3ba077fa99 (webtiles) character file.

Game seed: 10887910869624916645

560 cbfl8 the Covered (level 7, -2/60 HPs)
             Began as a Minotaur Fighter on Jan 20, 2022.
             Slain by a ball python (3 damage)
             ... in a sewer.
             The game lasted 00:10:45 (3708 turns).

cbfl8 the Covered (Minotaur Fighter)                Turns: 3708, Time: 00:10:46

Health: -2/60      AC:  7    Str: 20    XL:     7   Next: 9%
Magic:  6/6        EV:  5    Int:  7    God:
Gold:   175        SH: 10    Dex: 10    Spells: 6/6 levels left

rFire    . . .     SeeInvis .   m - +3 dagger (venom)
rCold    . . .     Faith    .   c - +0 kite shield
rNeg     . . .     Spirit   .   b - +0 scale mail
rPois    .         Reflect  .   (helmet restricted)
rElec    .         Harm     .   (no cloak)
rCorr    .         Rampage  .   (no gloves)
Will     .....                  (no boots)
Stlth    ..........             (no amulet)
HPRegen  0.20/turn              (no ring)
MPRegen  0.10/turn              (no ring)

@: mighty, constricted, very slow
A: horns 2, retaliatory headbutt
a: no special abilities


You were in a sewer.
You visited 2 branches of the dungeon, and saw 5 of its levels.
You also visited: Sewer.

You collected 175 gold pieces.

Inventory:

Hand Weapons
 a - a +0 war axe
 f - a +0 short sword of electrocution
 h - a +0 dagger
 m - a +3 dagger of venom (weapon)
 s - a +2 vampiric dagger
Missiles
 k - 18 bolts
 u - 9 poisoned darts (quivered)
Armour
 b - a +0 scale mail (worn)
 c - a +0 kite shield (worn)
 q - a +0 helmet
Wands
 n - a wand of flame (16)
 o - a wand of polymorph (9)
Scrolls
 g - 6 scrolls of identify
 l - a scroll of silence
 p - a scroll of torment {unknown}
 r - a scroll of holy word {unknown}
 t - a scroll of magic mapping {unknown}
 v - a scroll of amnesia {unknown}
 w - a scroll of enchant armour {unknown}
 x - a scroll of fog {unknown}
 y - a scroll of fear {unknown}
 z - a scroll of summoning {unknown}
Potions
 d - a potion of might
 e - 2 potions of heal wounds {unknown}
 i - 2 potions of attraction
 j - a potion of cancellation {unknown}


   Skills:
 + Level 4.8 Fighting
 + Level 3.2 Short Blades
 + Level 2.5 Axes
 + Level 6.3 Armour
 + Level 2.6 Dodging
 + Level 0.4 Stealth
 + Level 5.4 Shields


You had 6 spell levels left.
You didn't know any spells.
Your spell library was empty.

Dungeon Overview and Level Annotations

Branches:
Dungeon (4/15)             Temple (1/1) D:4           Sewer (1/1)

Altars:
Gozag


Innate Abilities, Weirdness & Mutations

You have a pair of horns on your head.
You reflexively headbutt those who attack you in melee.


Message History

The bullfrog hits you.
* * * LOW HITPOINT WARNING * * *
The ball python bites you.
* * * LOW HITPOINT WARNING * * *
The ball python bites you but does no damage.
The ball python constricts you. The ball python bites you.
* * * LOW HITPOINT WARNING * * *
You block the ball python's attack.
The bullfrog hits you but does no damage.
The ball python bites you.
* * * LOW HITPOINT WARNING * * *
You block the ball python's attack. The ball python constricts you.
You have reached level 7!
As you read the scroll labelled UMUXKECET RUISE, it crumbles to dust.
It is a scroll of identify.
l - a scroll of silence You block the ball python's attack.
The ball python bites you but does no damage.
The bullfrog hits you.
* * * LOW HITPOINT WARNING * * *
You block the ball python's attack.
The frilled lizard bites you but does no damage.
The ball python barely misses you. The ball python constricts you.
The ball python bites you.
* * * LOW HITPOINT WARNING * * *
The ball python bites you but does no damage.
You feel very mighty all of a sudden. You block the bullfrog's attack.
The ball python barely misses you.
The ball python bites you but does no damage.
The ball python constricts you. The bullfrog hits you.
* * * LOW HITPOINT WARNING * * *
You block the ball python's attack. The frilled lizard barely misses you.
You furiously retaliate!
You headbutt the frilled lizard!
You kill the frilled lizard!
The ball python completely misses you. You furiously retaliate!
You headbutt the ball python!
You kill the ball python!
You barely miss the frilled lizard. You block the bullfrog's attack.
The ball python bites you.
You die...

≈≈≈≈≈# #≈≈#≈≈≈#
≈≈≈≈≈# #≈≈≈≈≈≈#
≈≈≈≈≈# #≈≈≈≈≈≈#
≈≈≈≈≈# #≈≈≈≈≈≈#
≈≈≈≈≈# #≈≈≈≈≈≈#
≈≈≈≈≈# #≈≈≈#≈≈#
≈≈≈≈≈# #≈≈≈≈.≈#
.††.≈# #≈≈≈FlS#
....≈# #≈≈≈S@≈#
≈≈≈.≈# #≈≈≈SS≈#
≈≈†≈≈# #≈≈≈≈≈≈#
≈≈≈≈≈# #≈≈≈≈≈≈#
≈≈††≈# #≈≈≈≈≈≈#
≈≈≈≈≈# #≈≈≈≈≈≈#
≈≈†≈≈# #####≈≈≈≈≈≈#
.≈...# #..###≈≈≈≈##
.....###..##......#


You could see a bullfrog, 4 ball pythons and a frilled lizard.

Vanquished Creatures
  An ice beast (D:3)
  A bullfrog (Sewer)
  A scorpion (D:3)
  An iguana (D:4)
  Ijyb (D:3)
  Natasha (thrice) (D:3)
  Robin (D:3)
  5 adders
  5 river rats
  An ufetubus (D:3)
  A worm (D:4)
  A dart slug (D:1)
  2 orcs
  13 ball pythons
  4 bats
  7 endoplasms
  6 giant cockroaches
  8 hobgoblins
  4 jackals (D:3)
  2 quokkas
  6 frilled lizards
  12 goblins
  6 kobolds
  29 rats
121 creatures vanquished.

Notes
Turn   | Place    | Note
-------+----------+-------------------------------------------
     0 | D:1      | cbfl8 the Minotaur Fighter began the quest for the Orb.
     0 | D:1      | Reached XP level 1. HP: 19/19 MP: 0/0
   378 | D:1      | Reached skill level 4 in Armour
   388 | D:1      | Reached XP level 2. HP: 26/27 MP: 1/1
  1425 | D:2      | Reached XP level 3. HP: 33/33 MP: 2/2
  1682 | D:2      | You fall into a shaft and drop 1 floor!
  1682 | D:3      | Noticed a scorpion
  1691 | D:3      | Killed a scorpion
  1692 | D:3      | Reached skill level 1 in Short Blades
  1692 | D:3      | Reached XP level 4. HP: 36/41 MP: 3/3
  1692 | D:3      | Noticed Ijyb
  1707 | D:3      | Killed Ijyb
  1708 | D:3      | Reached skill level 5 in Armour
  1739 | D:3      | Noticed Natasha
  1745 | D:3      | Killed Natasha
  1746 | D:3      | Reached XP level 5. HP: 47/47 MP: 4/4
  1801 | D:3      | Noticed an ice beast
  1815 | D:3      | Killed an ice beast
  1816 | D:3      | Reached skill level 1 in Dodging
  2112 | D:3      | Reached skill level 6 in Armour
  2212 | D:3      | Reached XP level 6. HP: 53/53 MP: 5/5
  2231 | D:3      | Noticed Natasha
  2251 | D:3      | Killed Natasha
  2306 | D:3      | Noticed Robin
  2317 | D:3      | Killed Robin
  2377 | D:3      | Noticed Natasha
  2384 | D:3      | Killed Natasha
  2535 | D:3      | Found an opulent altar of Gozag.
  2770 | D:4      | Found a staircase to the Ecumenical Temple.
  2788 | Temple   | Entered the Ecumenical Temple
  2885 | D:4      | Reached skill level 5 in Shields
  2908 | D:4      | Found a glowing drain.
  2914 | Sewer    | Entered a sewer
  3706 | Sewer    | Reached XP level 7. HP: 12/60 MP: 6/6
  3707 | Sewer    | HP: 1/60 [bullfrog (5)]
  3708 | Sewer    | Slain by a ball python

Illustrated notes

Levels and vault maps discovered:
D:1:      saegor_arrival_simple_e, layout_loops_ring, minmay_distorted
D:2:      layout_basic, minmay_pentomino_q4
D:3:      layout_basic, lemuel_coloured_pillars_altar, uniq_natasha, uniq_robin,
          uniq_ijyb
D:4:      layout_basic, temple_pool_b, portal_sewer_entry_e
Temple:   minmay_temple_curvy_branch
Sewer:    sewer_minmay_w

Skill      XL: |  1  2  3  4  5  6 |
---------------+-------------------+-----
Armour         | 4 5 6 |  6.3
Fighting       | 4 |  4.8
Short Blades   | 1 2 3 |  3.2
Shields        | 4 5 |  5.4
Dodging        | 1 2 |  2.6
Axes           | |  2.5
Stealth        | |  0.4

Action                   |  1- 3 |  4- 6 |  7- 9 || total
-------------------------+-------+-------+-------++-------
Melee: War axe           |     7 |       |       ||     7
       Short sword       |    44 |       |       ||    44
       Headbutt          |     7 |    25 |       ||    32
       Dagger            |    10 |   222 |     1 ||   233
  Use: Potion            |       |     7 |     1 ||     8
       Scroll            |       |       |     1 ||     1
Armor: Scale mail        |    31 |   106 |     4 ||   141
       Skin              |       |    30 |       ||    30
Dodge: Dodged            |    19 |    99 |     4 ||   122
Block: Kite shield       |    31 |   175 |     5 ||   211
